 Dungeon Crawl Stone Soup version 0.30.0-29-ga12c61a403 (webtiles) character file.

Game seed: 7095178433632320779

1453 qw the Chopper (level 8, -3/53 HPs)
             Began as a Gargoyle Fighter on June 5, 2023.
             Slain by an ogre
             ... wielding a +0 giant club
              (19 damage)
             ... on level 6 of the Dungeon.
             The game lasted 00:02:08 (4858 turns).

qw the Chopper (Gargoyle Fighter)                   Turns: 4858, Time: 00:02:09

Health: -3/53      AC: 16    Str: 29    XL:     8   Next: 75%
Magic:  8/8        EV:  9    Int:  8    God:
Gold:   318        SH:  4    Dex:  9    Spells: 7/7 levels left

rFire   . . .        Y - +1 war axe (heavy)
rCold   . . .        c - +0 buckler
rNeg    + . .        o - +0 chain mail
rPois   inf          (no helmet)
rElec   +            a - +1 cloak
rCorr   .            (no gloves)
SInv    .            (no boots)
Will    .....        (no amulet) Stlth
                     k - +6 ring of strength
HPRegen 0.28/turn    (no ring)
MPRegen 0.11/turn

%: no passive effects
@: no status effects
A: sickness immunity, AC +5, negative energy resistance 1, electricity
resistance, torment resistance 1, petrification resistance
a: no special abilities


You were on level 6 of the Dungeon.
You visited 2 branches of the dungeon, and saw 7 of its levels.

You collected 318 gold pieces.


Innate Abilities, Weirdness & Mutations

You are immune to sickness and miasma.
Your stone body is resilient. (AC +5)
You are immune to poison.
You resist negative energy. (rN+)
You are resistant to electric shocks. (rElec)
You are resistant to unholy torment.
You are immune to petrification.


   Skills:
 - Level 7.1 Fighting
 + Level 7.7 Axes
 - Level 2.2 Throwing
 - Level 3.2 Armour
 - Level 1.1 Dodging
 - Level 3.2 Shields


You had 7 spell levels left.
You didn't know any spells.
Your spell library was empty.

Inventory:

Hand Weapons
 l - a +0 flail
 Y - a +1 heavy war axe (weapon)
Armour
 a - a +1 cloak (worn)
 c - a +0 buckler (worn)
 o - a +0 chain mail (worn)
Jewellery
 i - a ring of ice
 k - a +6 ring of strength (left hand)
 p - a ring of ice
Scrolls
 n - a scroll of identify
 q - a scroll of teleportation
Potions
 d - a potion of might
 e - 4 potions of curing
 f - 2 potions of haste
 g - a potion of heal wounds {unknown}
 j - 2 potions of attraction
 m - a potion of lignification {unknown}

Dungeon Overview and Level Annotations

Branches:
Dungeon (6/15)             Temple (1/1) D:6

Altars:
Ashenzari
Elyvilon
Fedhas
Hepliaklqana
Nemelex Xobeh
Sif Muna
Uskayaw
Wu Jian
Xom


Message History

Where to? (* - list waypoints, Enter - Temple, ? - help)
What level of the Dungeon? (default 6, ? - help)
There is a staircase back to the Dungeon here.
You climb upwards.
Welcome back to the Dungeon!
There is a staircase to the Ecumenical Temple here.
h - a javelin A wight comes into view.
It is wielding a +1 great sword of freezing.
You throw a javelin. The javelin pierces through the wight!
The wight is heavily damaged.
An ogre comes into view. It is wielding a +0 giant club.
4849 ||| Stepping ~*~*~tactically~*~*~ (stealth).
A wight comes into view. It is wielding a +0 short sword.
A wight comes into view. It is wielding a +0 flail.
You barely miss the wight.
The wight is heavily damaged.
The wight barely misses you. You block the wight's attack.
The ogre shouts!
You slash the wight!
You destroy the wight!
You slash the wight!
The wight is heavily damaged.
You barely miss the wight. The wight hits you with a +0 flail.
The wight hits you but does no damage.
You closely miss the wight.
The wight is heavily damaged.
You closely miss the wight. The wight hits you with a +0 flail.
The wight hits you with a +0 short sword.
The wight hits you with a +0 flail! The wight hits you but does no damage.
You slice the wight!!
You destroy the wight!
You hit the wight. The wight hits you but does no damage.
The wight hits you with a +0 short sword.
The ogre hits you with a +0 giant club!
You slice the wight!!
You destroy the wight!
You hit the ogre.
The ogre hits you with a +0 giant club!!
You die...

#.........#
#.........# .
##...#.#...# ..
+...#.#.#..# ...
##.#.#.#.#.# (...
#..#.>.#..# .....
#.#.#.#.#.#
......##..#.#.#..#
......)@...#.#...#
#####.O#.........#
##.......#####
#########


You could see an ogre.

Vanquished Creatures
  Pikel (D:4)
  A sky beast (D:6)
  An ice beast (D:5)
  An ogre (D:5)
  A scorpion (D:6)
  3 wights (D:6)
  A howler monkey (D:5)
  6 hounds
  A jelly (D:4)
  An orc wizard (D:5)
  2 sleepcaps (D:5)
  2 iguanas
  3 gnolls (D:4)
  9 adders
  3 ufetubi
  A worm (D:5)
  2 dart slugs (D:1)
  10 orcs
  6 endoplasms
  3 giant cockroaches (D:2)
  4 goblins
  5 hobgoblins
  7 jackals
  2 quokkas
  7 ball pythons
  6 bats
  4 frilled lizards
  8 kobolds
  17 rats
118 creatures vanquished.

Notes
Turn   | Place    | Note
-------+----------+-------------------------------------------
     0 | D:1      | qw the Gargoyle Fighter began the quest for the Orb.
     0 | D:1      | Reached XP level 1. HP: 14/14 MP: 1/1
     0 | D:1      | 0 ||| qw: Version: 0.2-a-108-gee2c290
     0 | D:1      | 0 ||| qw: Game counter: 1388
     0 | D:1      | 0 ||| qw: Always use a shield: true
     0 | D:1      | 0 ||| qw: God list: Okawaru
     0 | D:1      | 0 ||| qw: Allow faded altars: false
     0 | D:1      | 0 ||| qw: Do Orc after D:15 true
     0 | D:1      | 0 ||| qw: Do second Lair branch before Depths: true
     0 | D:1      | 0 ||| qw: Lair rune preference: random
     0 | D:1      | 0 ||| qw: Plans: Normal, Zot:1-4, Slime:5, God:TSO, Crypt,
                  | Tomb, Abyss, Pan, Hells, Win
     0 | D:1      | 0 ||| PLANNING D:1-11
   245 | D:1      | Reached XP level 2. HP: 19/19 MP: 2/2
   282 | D:1      | 282 ||| Stepping ~*~*~tactically~*~*~ (hiding).
   283 | D:1      | 283 ||| Stepping ~*~*~tactically~*~*~ (hiding).
   406 | D:1      | 406 ||| Stepping ~*~*~tactically~*~*~ (stealth).
   421 | D:1      | 421 ||| DROPPING +0 club.
   648 | D:1      | 648 ||| Stepping ~*~*~tactically~*~*~ (hiding).
   649 | D:1      | 649 ||| Stepping ~*~*~tactically~*~*~ (hiding).
   650 | D:1      | 650 ||| Stepping ~*~*~tactically~*~*~ (hiding).
   651 | D:1      | 651 ||| Stepping ~*~*~tactically~*~*~ (hiding).
   685 | D:1      | Reached skill level 3 in Axes
   731 | D:1      | Reached XP level 3. HP: 23/23 MP: 3/3
   819 | D:1      | Found a faded altar of an unknown god.
  1184 | D:1      | 1184 ||| READING scroll labelled XOCSUSIRUA.
  1285 | D:1      | 1285 ||| READING scroll labelled EZACEESIDU.
  1286 | D:1      | 1286 ||| READING scroll labelled YSSYNI JAN LUMM.
  1287 | D:1      | 1287 ||| READING 2 scrolls labelled HAPPAF MIASTI.
  1303 | D:1      | 1303 ||| DROPPING scroll of torment.
  1799 | D:2      | Reached XP level 4. HP: 28/28 MP: 4/4
  1935 | D:2      | 1935 ||| UPGRADING to +0 cloak.
  1940 | D:2      | 1940 ||| UPGRADING to +6 ring of strength.
  1941 | D:2      | 1941 ||| READING scroll labelled ZAVOAR OVUH.
  1942 | D:2      | 1942 ||| READING scroll labelled BAUKHO QERAOS.
  1943 | D:2      | 1943 ||| READING scroll labelled TIPROY ATWA.
  1947 | D:2      | 1947 ||| DRINKING 2 smoky grey potions.
  2839 | D:3      | 2839 ||| DROPPING amulet of magic regeneration.
  2840 | D:3      | 2840 ||| READING scroll labelled LILLOGROUL.
  2841 | D:3      | 2841 ||| READING scroll labelled FIXITA SOTHUODE.
  2842 | D:3      | 2842 ||| READING scroll labelled OKUCKOP REQO.
  2843 | D:3      | 2843 ||| READING scroll labelled ESUSHENIRU.
  2844 | D:3      | 2844 ||| DRINKING 2 viscous red potions.
  2845 | D:3      | 2845 ||| READING 3 scrolls of identify.
  2845 | D:3      | 2845 ||| IDENTIFYING golden potion
  2846 | D:3      | 2846 ||| READING 2 scrolls of identify.
  2846 | D:3      | 2846 ||| IDENTIFYING bubbling coppery potion
  2847 | D:3      | 2847 ||| DROPPING potion of flight.
  2894 | D:4      | Reached XP level 5. HP: 28/32 MP: 5/5
  3174 | D:4      | 3174 ||| Stepping ~*~*~tactically~*~*~ (stealth).
  3176 | D:4      | 3176 ||| Stepping ~*~*~tactically~*~*~ (hiding).
  3185 | D:4      | Reached skill level 1 in Throwing
  3344 | D:4      | 3344 ||| Stepping ~*~*~tactically~*~*~ (stealth).
  3352 | D:4      | 3352 ||| Stepping ~*~*~tactically~*~*~ (stealth).
  3353 | D:4      | 3353 ||| Stepping ~*~*~tactically~*~*~ (stealth).
  3354 | D:4      | 3354 ||| Stepping ~*~*~tactically~*~*~ (stealth).
  3365 | D:4      | Reached skill level 1 in Dodging
  3395 | D:4      | Noticed a lemure
  3396 | D:4      | Noticed Pikel
  3396 | D:4      | 3396 ||| Stepping ~*~*~tactically~*~*~ (stealth).
  3397 | D:4      | Noticed a lemure
  3398 | D:4      | Noticed a lemure
  3399 | D:4      | Noticed a lemure
  3401 | D:4      | Reached XP level 6. HP: 38/38 MP: 6/6
  3416 | D:4      | Killed Pikel
  3417 | D:4      | Reached XP level 7. HP: 21/48 MP: 7/7
  3515 | D:4      | 3515 ||| DROPPING +0 whip.
  3875 | D:4      | 3875 ||| READING scroll labelled LULALI DESUZA.
  3876 | D:4      | 3876 ||| READING scroll labelled OFUGAD OXTETT.
  3877 | D:4      | 3877 ||| READING scroll labelled ARUMOI JUTAU.
  3878 | D:4      | 3878 ||| DRINKING 4 fuming pink potions.
  3879 | D:4      | 3879 ||| DROPPING 3 potions of invisibility.
  3898 | D:5      | Entered Level 5 of the Dungeon
  4074 | D:5      | 4074 ||| DROPPING +2 whip of electrocution.
  4175 | D:5      | Reached XP level 8. HP: 53/53 MP: 8/8
  4183 | D:5      | Reached skill level 6 in Axes
  4297 | D:5      | 4297 ||| Stepping ~*~*~tactically~*~*~ (hiding).
  4405 | D:5      | 4405 ||| Stepping ~*~*~tactically~*~*~ (stealth).
  4406 | D:5      | 4406 ||| Stepping ~*~*~tactically~*~*~ (stealth).
  4420 | D:5      | 4420 ||| Stepping ~*~*~tactically~*~*~ (stealth).
  4636 | D:5      | 4636 ||| UPGRADING to +0 chain mail.
  4646 | D:5      | 4646 ||| DROPPING +0 scale mail.
  4689 | D:6      | 4689 ||| Stepping ~*~*~tactically~*~*~ (stealth).
  4709 | D:6      | 4709 ||| READING scroll of enchant armour.
  4709 | D:6      | 4709 ||| ENCHANTING +0 cloak.
  4743 | D:6      | Found a staircase to the Ecumenical Temple.
  4744 | D:6      | 4744 ||| PLANNING TEMPLE
  4748 | Temple   | Entered the Ecumenical Temple
  4814 | Temple   | 4814 ||| PLANNING D:1-11
  4849 | D:6      | 4849 ||| Stepping ~*~*~tactically~*~*~ (stealth).
  4858 | D:6      | Slain by an ogre

Levels and vault maps discovered:
D:1:      mushboom_english_gardens, layout_loops_corners,
          shapermc_ecumenical_altar_notcrosses, chequers_garden,
          minmay_rat_gold_closets
D:2:      layout_loops_ring, solitary_fountain,
          amcnicky_mini_rare_corridor_liquid
D:3:      layout_loops_corners, minmay_surrounded
D:4:      layout_basic, uniq_pikel
D:5:      layout_cave_pools, minmay_tree_intersection,
          nicolae_elevator_lobby_plus
D:6:      layout_basic, mainiacjoe_overflow_catwalk, okawaru_gym_becter,
          minmay_temple_entry_grid
Temple:   dpeg_three_leaves_temple

Skill      XL: |  1  2  3  4  5  6  7  8 |
---------------+-------------------------+-----
Axes           | 2 3 4 5 7 |  7.7
Throwing       | 1 2 |  2.2
Dodging        | 1 |  1.1
Fighting       | 7 |  7.1
Armour         | |  3.2
Shields        | |  3.2

Action                     |  1- 3 |  4- 6 |  7- 9 || total
---------------------------+-------+-------+-------++-------
  Melee: War axe           |   121 |    99 |    72 ||   292
  Throw: Javelin           |       |     9 |    20 ||    29
    Use: Scroll            |     4 |     9 |     4 ||    17
         Potion            |       |     2 |     1 ||     3
 Armour: Scale mail        |    66 |    67 |    38 ||   171
         Chain mail        |       |       |     9 ||     9
  Dodge: Dodged            |    50 |    51 |    57 ||   158
  Block: Buckler           |    23 |    25 |    20 ||    68

Table legend:
 A = Non-vault XP
 B = Vault XP
 C = Vault XP percentage of total XP
 D = Non-vault monster count
 E = Vault monster count
 F = Vault count percentage of total count
                 A         B        C        D         E       F
            +---------+---------+-------+---------+---------+-------
      Total |    1518 |     630 |  29.3 |     105 |      13 |  11.0
            +---------+---------+-------+---------+---------+-------
        D:1 |      46 |       7 |  13.2 |      28 |       7 |  20.0
        D:2 |      36 |       0 |   0.0 |      16 |       0 |   0.0
        D:3 |      69 |       6 |   8.0 |      11 |       5 |  31.2
        D:4 |     201 |     617 |  75.4 |      20 |       1 |   4.8
        D:5 |     698 |       0 |   0.0 |      23 |       0 |   0.0
        D:6 |     468 |       0 |   0.0 |       7 |       0 |   0.0
            +---------+---------+-------+---------+---------+-------
